 Dungeon Crawl Stone Soup version 0.30-a0-223-gcb0039aa0c (webtiles) character file.

Game seed: 14761612625274640590

1541 Lobster4 the Trooper (level 9, -2/69 HPs)
             Began as a Human Gladiator on Oct 9, 2022.
             Was an Initiate of Okawaru.
             Slain by an orc warrior
             ... wielding a +0 mace
              (5 damage)
             ... on level 6 of the Dungeon.
             The game lasted 00:24:17 (5837 turns).

Lobster4 the Trooper (Human Gladiator)              Turns: 5837, Time: 00:24:17

Health: -2/69      AC:  7    Str: 15    XL:     9   Next: 11%
Magic:  9/9        EV: 13    Int:  8    God:    Okawaru [......]
Gold:   179        SH:  0    Dex: 19    Spells: 8/8 levels left

rFire   + + .      SeeInvis .    d - +1 whip (elec)
rCold   + . .      Faith    .    (no shield)
rNeg    . . .      Spirit   .    f - +3 leather armour {rF+}
rPois   .          Reflect  .    c - +0 helmet
rElec   .          Harm     .    F - scarf {rC+ rF+}
rCorr   .          Rampage  .    (no gloves)
Will    +....                    (no boots)
Stlth   ++........               (no amulet)
HPRegen 0.31/turn                z - ring of willpower
MPRegen 0.11/turn                (no ring)

@: about to teleport
A: high MP 1
a: Renounce Religion


You were on level 6 of the Dungeon.
You worshipped Okawaru.
Okawaru was noncommittal.
You visited 2 branches of the dungeon, and saw 7 of its levels.

You collected 227 gold pieces.
You spent 48 gold pieces at shops.

Inventory:

Hand Weapons
 a - a +0 war axe
 d - a +1 whip of electrocution (weapon)
 m - a +0 spear
 q - a +0 mace
 r - a +1 whip of flaming
Missiles
 e - a javelin (quivered)
 g - 60 stones
Armour
 c - a +0 helmet (worn)
 f - a +3 leather armour of fire resistance (worn)
 j - a +0 ring mail
 w - a +0 scale mail
 F - a scarf of resistance (worn)
Magical Staves
 s - a staff of fire
Jewellery
 x - a ring of ice
 z - a ring of willpower (left hand)
 B - a ring of fire
Scrolls
 b - a scroll of enchant armour {unknown}
 k - a scroll of teleportation
 n - 2 scrolls of silence
 p - a scroll of immolation {unknown}
 t - a scroll of magic mapping {unknown}
 y - a scroll of noise {unknown}
 C - a scroll of poison {unknown}
 E - a scroll of brand weapon {unknown}
 G - a scroll of fog
Potions
 h - 2 potions of haste
 l - a potion of curing
 o - 4 potions of ambrosia {unknown}
 u - a potion of cancellation {unknown}
 v - a potion of lignification {unknown}
 A - a potion of flight
 H - 2 potions of attraction {unknown}


   Skills:
 + Level 6.0 Fighting
 - Level 3.1(4.7) Axes
 + Level 5.4(5.8) Maces & Flails
 + Level 5.9 Throwing
 - Level 4.0 Armour
 - Level 3.0 Dodging
 - Level 1.0 Stealth
 + Level 0.0 Invocations
 + Level 0.0 Evocations


You had 8 spell levels left.
You didn't know any spells.
Your spell library contained the following spells:

 Spells                   Type           Power      Damage    Failure   Level
 Dazzling Flash           Conj/Hex       0%         N/A       85%         3
 Iskenderun's Mystic Bla  Conj/Tloc      0%         2d3       99%         4
 Starburst                Conj/Fire      0%         6d3       100%        6


Dungeon Overview and Level Annotations

Branches:
Dungeon (6/15)             Temple (1/1) D:6

Altars:
Ashenzari
Cheibriados
Fedhas
Gozag
Kikubaaqudgha
Makhleb
Nemelex Xobeh
Okawaru
Qazlal
Ru
Sif Muna
Uskayaw
Vehumet
Wu Jian
Xom
Yredelemnul
The Shining One

Shops:
D:2 (   D:3 *!

Annotations:
D:4 3 runed translucent doors, exclusion: oklob plant, porpoise's ghost, amateur DsHs
D:5 Dowan; Duvessa


Innate Abilities, Weirdness & Mutations

You have an increased reservoir of magic. (+10% MP)


Message History

The orc warrior is moderately wounded.
Throw: javelin (silver)
Press: ? - help, Q - select action, (/) - cycle Shift-Dir - straight line, f/p - orc warrior
Aim: an orc warrior, wielding a +0 mace and wearing a +0 chain mail (moderately wounded, 63% to hit)
You throw a silver javelin.
The silver javelin pierces through the orc warrior but does no damage.
The orc warrior is moderately wounded.
You hit the orc warrior but do no damage.
Lightning courses through the orc warrior!
The orc warrior is almost dead.
The orc warrior hits you with a +0 mace!
You barely miss the orc warrior.
The orc warrior is almost dead.
The orc closely misses you. The orc warrior closely misses you.
You hit the orc warrior but do no damage.
The orc warrior is almost dead.
You barely miss the orc warrior.
The orc warrior is almost dead.
The orc barely misses you. The orc warrior barely misses you.
You hit the orc warrior.
The orc warrior is almost dead.
The orc hits you with a +0 falchion of electrocution.
The orc warrior barely misses you.
You hit the orc warrior.
The orc warrior is almost dead.
The orc misses you.
The orc warrior hits you with a +0 mace!
You barely miss the orc warrior.
The orc warrior is almost dead.
The orc hits you with a +0 falchion of electrocution.
You are electrocuted!!
* * * LOW HITPOINT WARNING * * *
The orc warrior hits you with a +0 mace!
* * * LOW HITPOINT WARNING * * *
As you read the scroll of teleportation, it crumbles to dust.
You feel strangely unstable.
The orc hits you with a +0 falchion of electrocution!
* * * LOW HITPOINT WARNING * * *
The orc warrior hits you with a +0 mace.
You die...

###### ###....## #
###.......### ##..
............####.....
.......@o.......(....
...#####o....[.....(.
##............
#....#.......
#...######### .#
#..## ## ##..# #..#
.#######....## #..#
...##....#...# #..##


You could see an orc warrior and an orc.

Vanquished Creatures
  Pikel (D:5)
  Sigmund (D:2)
  Menkaure (D:5)
  A black bear (D:5)
  2 ogres (D:5)
  4 lemures
  A hound (D:4)
  2 orc priests (D:5)
  Ijyb (D:5)
  7 iguanas
  2 orc wizards
  4 adders
  3 gnolls (D:4)
  3 worms
  A dart slug (D:4)
  17 orcs
  9 bats
  7 endoplasms
  4 giant cockroaches
  6 hobgoblins
  2 jackals (D:1)
  3 quokkas
  15 ball pythons
  5 frilled lizards
  9 goblins
  15 kobolds
  7 rats
133 creatures vanquished.

Vanquished Creatures (others)
  14 toadstools (D:4)
14 creatures vanquished.

Grand Total: 147 creatures vanquished

Notes
Turn   | Place    | Note
-------+----------+-------------------------------------------
     0 | D:1      | Lobster4 the Human Gladiator began the quest for the Orb.
     0 | D:1      | Reached XP level 1. HP: 16/16 MP: 1/1
   102 | D:1      | Reached XP level 2. HP: 22/22 MP: 2/2
   228 | D:1      | Reached XP level 3. HP: 28/28 MP: 3/3
   293 | D:1      | Found a faded altar of an unknown god.
   376 | D:1      | Reached skill level 1 in Maces & Flails
   928 | D:2      | Found Tonef's Weapon Emporium.
   973 | D:2      | Reached XP level 4. HP: 34/34 MP: 4/4
  1316 | D:2      | Noticed Sigmund
  1447 | D:2      | Reached skill level 1 in Armour
  1678 | D:3      | Found Bemp's Distillery.
  1701 | D:3      | Bought a potion of degeneration for 12 gold pieces
  1714 | D:3      | Bought a potion of curing for 36 gold pieces
  1781 | D:3      | Found Axzuw's Assorted Antiques.
  1915 | D:3      | Reached skill level 3 in Fighting
  1915 | D:3      | Reached skill level 1 in Stealth
  1992 | D:3      | Reached XP level 5. HP: 41/41 MP: 5/5
  2502 | D:4      | Reached XP level 6. HP: 38/47 MP: 6/6
  2752 | D:4      | Found a runed translucent gate.
  2753 | D:4      | Found a runed translucent gate.
  2753 | D:4      | Found a runed translucent gate.
  2756 | D:4      | Noticed porpoise's ghost (amateur DsHs)
  2770 | D:4      | Identified the +1 chain mail of Vommetegg {rPois rN+}
  2770 | D:4      | Noticed an orc warrior
  2779 | D:4      | Identified the +9 dagger "Jido" {chaos, Dex+3}
  2779 | D:4      | Identified the +4 chain mail of the Gloaming {rElec Regen+}
  2881 | D:4      | Found a blossoming altar of Fedhas.
  2904 | D:4      | Noticed an oklob plant
  3539 | D:5      | Entered Level 5 of the Dungeon
  3543 | D:5      | Noticed Pikel
  3616 | D:5      | Noticed Ijyb
  3703 | D:5      | Killed Ijyb
  3835 | D:5      | Reached XP level 7. HP: 53/53 MP: 7/7
  3854 | D:5      | Noticed Menkaure
  3861 | D:5      | Gained mutation: You have an increased reservoir of magic.
                  | (+10% MP) [potion of mutation]
  3866 | D:5      | HP: 2/53 [Menkaure (13)]
  3869 | D:5      | Killed Menkaure
  3870 | D:5      | Reached skill level 4 in Fighting
  4517 | D:2      | Killed Sigmund
  4518 | D:2      | Reached XP level 8. HP: 58/61 MP: 8/8
  4743 | D:5      | Reached skill level 5 in Fighting
  4743 | D:5      | Reached skill level 5 in Throwing
  4861 | D:5      | Killed Pikel
  4862 | D:5      | Reached skill level 5 in Maces & Flails
  4862 | D:5      | Reached XP level 9. HP: 69/69 MP: 9/9
  4987 | D:5      | Noticed Dowan
  4987 | D:5      | Noticed Duvessa
  5359 | D:6      | Reached skill level 6 in Fighting
  5379 | D:6      | Found a staircase to the Ecumenical Temple.
  5393 | Temple   | Entered the Ecumenical Temple
  5692 | Temple   | Became a worshipper of Warmaster Okawaru
  5837 | D:6      | HP: 3/69 [orc/+0 falchion of electrocution (7)]
  5837 | D:6      | Slain by an orc warrior

Illustrated notes

Levels and vault maps discovered:
D:1:      spicycebolla_green_bress_n_ham, layout_loops_ring,
          nicolae_ecumenical_snake_handling, supply_closet_lemuel,
          chequers_decorated_corner, minmay_heptomino_w4
D:2:      layout_basic, serial_shops, nicolae_shop_bloodbath_and_beyond,
          feat_on_display, uniq_sigmund
D:3:      minmay_inner_zag, layout_basic, serial_shops, shop_statue, shop,
          minmay_checkerbox
D:4:      layout_loops_ring, tgw_fedhas, biasface_ghost_orc_armoury,
          st_stairs_2, kennysheep_path_1, nrook_campfire
D:5:      layout_rooms, minmay_misc_feat_tower, uniq_menkaure, uniq_pikel,
          uniq_ijyb, uniq_duvessa
D:6:      layout_layer_cave, kennysheep_mini, mainiacjoe_overflow_catwalk,
          overflow_temple_1_default, minmay_temple_entry_sparse_star
Temple:   minmay_temple_bridge_d

Skill      XL: |  1  2  3  4  5  6  7  8  9 |
---------------+----------------------------+-----
Maces & Flails | 1 2 3 5 |  5.4
Armour         | 1 2 3 4 |  4.0
Fighting       | 3 4 5 6 |  6.0
Stealth        | 1 |  1.0
Throwing       | 3 4 5 |  5.9
Axes           | |  3.1
Dodging        | |  3.0

Action                   |  1- 3 |  4- 6 |  7- 9 || total
-------------------------+-------+-------+-------++-------
Melee: Whip              |   114 |   207 |   103 ||   424
       War axe           |     3 |       |       ||     3
       Punch             |     1 |     3 |     1 ||     5
Throw: Throwing net      |     4 |     6 |       ||    10
       Javelin           |     1 |    14 |    13 ||    28
       Boomerang         |       |     1 |     5 ||     6
       Stone             |       |       |     6 ||     6
Evoke: Wand              |       |       |     1 ||     1
  Use: Scroll            |     1 |     2 |     5 ||     8
       Potion            |       |     1 |     4 ||     5
 Stab: Held in net/web   |     4 |     2 |       ||     6
       Sleeping          |       |       |     1 ||     1
Armor: Leather armour    |    15 |       |    11 ||    26
       Ring mail         |    12 |    13 |       ||    25
       Scale mail        |       |    68 |     7 ||    75
Dodge: Dodged            |    74 |    99 |    49 ||   222

Table legend: (Time is in decaauts)
 A = Elapsed time spent in this place.
 B = Non-inter-level travel time spent in this place.
 C = Inter-level travel time spent in this place.
 D = Time resting spent in this place.
 E = Time spent auto-exploring this place.
 F = Levels seen in this place.
 G = Mean time per level.
                   A        B        C        D        E       F      G
               +--------+--------+--------+--------+--------+-----+--------+
         Total |   5839 |   5306 |    533 |    780 |   2988 |   7 |  834.1 |
       Dungeon |   5468 |   5080 |    388 |    780 |   2774 |   6 |  911.3 |
        Temple |    370 |    225 |    145 |      0 |    214 |   1 |  370.0 |
               +--------+--------+--------+--------+--------+-----+--------+

Top non-repeatable levels by time:
     D:4: 1627 daAuts
     D:5: 1349 daAuts
     D:1: 885 daAuts
     D:2: 786 daAuts
     D:3: 692 daAuts
  Temple: 370 daAuts
     D:6: 127 daAuts
